AoeStats
← Maystayger

Arabia

506306294Analyzed
2v2 RM · 18d ago on Sep 13, 2026· 58m 39s· 4 players
Game mode
Random Map
Map size
Medium (4 player)
Population
200
Speed
Normal
Resources
Standard
Victory
Conquest
Starting age
Dark Age
Ending age
Imperial Age
RankedLock teamsTeams togetherTeam positionsShared explorationLock speedFull tech treeHidden civsTurbo modeCheats
Victory
Defeat
🇦🇷 Ethiopians · Argentina
899
+34
🇲🇽 Japanese · Mexico
879
+17
🇺🇸 Burgundians · United States
944
-19
🇺🇸 Chinese · United States
840
-14
Maystayger
2:22 Loom
13:14 Feudal Age
14:01 Man-at-Arms
14:26 Arson
15:00 Horse Collar
15:07 Double-Bit Axe
16:36 Scale Mail Armor
22:36 Castle Age
20:51 Scale Barding Armor
21:22 Forging
23:05 Gold Mining
23:08 Stone Mining
23:31 Bow Saw
23:22 Heavy Plow
23:27 Husbandry
30:28 Gold Shaft Mining
35:18 Imperial Age
33:26 Wheelbarrow
32:38 Town Watch
33:26 Chain Barding Armor
33:21 Chain Mail Armor
35:03 Masonry
34:35 Treadmill Crane
37:10 Elite Samurai
38:51 Kataparuto
38:51 Hand Cart
38:39 Town Patrol
40:10 Two-Man Saw
40:02 Yasama
42:28 Conscription
43:00 Gambesons
42:35 Long Swordsman
43:50 Plate Mail Armor
43:55 Iron Casting
42:49 Cavalier
44:05 Fortified Wall
43:50 Murder Holes
44:01 Siege Engineers
48:19 Squires
47:40 Pikeman
47:40 Two-Handed Swordsman
49:48 Halberdier
56:45 Yasama
57:21 Hoardings
58:11 Chemistry
Mat1NT
12:04 Feudal Age
13:43 Loom
16:08 Castle Age
16:44 Crossbowman
17:53 Fletching
23:30 Thumb Ring
25:09 Squires
25:32 Bodkin Arrow
25:31 Double-Bit Axe
27:11 Ballistics
28:41 Bow Saw
29:28 Murder Holes
29:41 Padded Archer Armor
36:29 Horse Collar
41:31 Imperial Age
41:48 Arbalester
44:06 Chemistry
44:31 Conscription
46:11 Wheelbarrow
46:12 Bracer
47:16 Elite Skirmisher
49:52 Hand Cart
49:43 Town Watch
50:53 Gold Mining
50:54 Stone Mining
52:25 Siege Engineers
53:15 Conscription
54:09 Town Patrol
58:00 Elite Shotel Warrior
Retrac910
4:18 Double-Bit Axe
8:44 Loom
11:02 Feudal Age
9:34 Horse Collar
13:30 Bow Saw
21:28 Castle Age
23:52 Forging
24:55 Cavalier
26:05 Husbandry
27:07 Gold Mining
38:02 Burgundian Vineyards
41:30 Imperial Age
39:38 Scale Barding Armor
40:50 Wheelbarrow
47:03 Two-Man Saw
46:25 Paladin
48:08 Iron Casting
47:03 Light Cavalry
48:35 Heavy Plow
49:12 Stone Mining
51:08 Chain Barding Armor
52:36 Hussar
55:51 Blast Furnace
55:26 Plate Barding Armor
58:46 Chemistry
coastaverde
10:39 Feudal Age
17:12 Castle Age
15:52 Double-Bit Axe
18:49 Fletching
19:38 Horse Collar
21:39 Elite Skirmisher
25:43 Gold Mining
26:23 Bodkin Arrow
27:30 Crossbowman
28:49 Heavy Plow
29:18 Pikeman
30:09 Thumb Ring
30:42 Padded Archer Armor
30:42 Scale Mail Armor
30:52 Forging
33:29 Wheelbarrow
32:40 Loom
39:15 Imperial Age
37:03 Hand Cart
37:51 Leather Archer Armor
38:12 Iron Casting
37:54 Chain Mail Armor
40:16 Arbalester
41:22 Bow Saw
43:06 Bracer
43:37 Ring Archer Armor
43:31 Ballistics
43:08 Halberdier
43:58 Elite Chu Ko Nu
45:23 Plate Mail Armor
47:09 Two-Man Saw
Connection lost

Rejoining the realm…

Still unreachable

The connection could not be restored.

Session expired

The server has moved on; the page needs a fresh start.